AoeStats
← ngocpq

Arena

507910676Analyzed
4v4 RM · 13d ago on Sep 20, 2026· 42m 55s· 8 players
Game mode
Random Map
Map size
Large (8 player)
Population
200
Speed
Normal
Resources
Standard
Victory
Conquest
Starting age
Dark Age
Ending age
Imperial Age
RankedLock teamsTeams togetherTeam positionsShared explorationLock speedFull tech treeHidden civsTurbo modeCheats
Victory
Defeat
🇺🇸 Bohemians · United States
1084
+16
🇲🇽 Poles · Mexico
1078
+16
🇺🇸 Vikings · United States
1058
+17
🇮🇳 Turks · India
1025
+18
🇺🇸 Hindustanis · United States
1208
-21
🇰🇷 Italians · South Korea
1097
-18
🇰🇷 Franks · South Korea
1026
-15
🇰🇷 Franks · South Korea
995
-13
John Teleport
4:09 Loom
12:45 Feudal Age
17:20 Castle Age
15:47 Double-Bit Axe
16:54 Horse Collar
21:29 Arson
23:19 Scale Mail Armor
25:04 Forging
28:12 Chain Mail Armor
30:09 Iron Casting
32:11 Imperial Age
30:44 Chieftains
31:44 Iron Casting
31:17 Heavy Plow
31:35 Bow Saw
31:52 Fletching
32:33 Gold Mining
32:25 Capped Ram
33:05 Town Watch
34:01 Plate Mail Armor
34:24 Conscription
35:12 Elite Berserk
38:05 Blast Furnace
38:28 Siege Ram
40:37 Bodkin Arrow
Tlacaelel.MX
5:42 Loom
10:44 Feudal Age
16:10 Castle Age
16:25 Stone Mining
17:48 Fletching
21:57 Wheelbarrow
21:09 Double-Bit Axe
21:06 Horse Collar
22:29 Bow Saw
24:53 Hand Cart
29:28 Scale Mail Armor
30:23 Heavy Plow
31:12 Bodkin Arrow
30:42 Pikeman
32:27 Chain Mail Armor
40:26 Squires
40:12 Arson
40:09 Man-at-Arms
45:21 Imperial Age
42:56 Gold Mining
43:42 Stone Shaft Mining
Jon Shotgun
12:24 Feudal Age
13:03 Horse Collar
17:55 Castle Age
16:03 Double-Bit Axe
19:06 Bow Saw
19:14 Heavy Plow
25:59 Wheelbarrow
29:08 Hand Cart
31:24 Imperial Age
29:58 Chemistry
29:07 Scale Mail Armor
29:13 Scale Barding Armor
29:20 Forging
29:00 Fletching
29:21 Town Watch
29:03 Pikeman
30:00 Loom
30:22 Squires
30:54 Chain Mail Armor
31:00 Chain Barding Armor
30:43 Padded Archer Armor
32:33 Halberdier
34:02 Plate Mail Armor
34:07 Iron Casting
34:24 Conscription
34:11 Wagenburg Tactics
41:26 Blast Furnace
40:41 Leather Archer Armor
42:46 Treadmill Crane
43:11 Siege Engineers
findingmontoo7
10:39 Feudal Age
15:08 Castle Age
13:23 Horse Collar
14:10 Double-Bit Axe
16:18 Bow Saw
18:17 Wheelbarrow
20:54 Hand Cart
22:04 Loom
23:12 Fletching
23:35 Heavy Plow
24:10 Bodkin Arrow
25:34 Gold Mining
27:22 Husbandry
31:04 Imperial Age
29:07 Ballistics
29:03 Bloodlines
29:25 Thumb Ring
29:41 Town Watch
31:09 Heavy Cavalry Archer
31:50 Bracer
32:59 Parthian Tactics
32:36 Padded Archer Armor
34:56 Leather Archer Armor
36:53 Ring Archer Armor
37:39 Sipahi
37:40 Conscription
ValakOO
11:00 Feudal Age
14:45 Castle Age
12:41 Double-Bit Axe
13:00 Horse Collar
15:36 Loom
26:59 Gold Mining
27:46 Wheelbarrow
27:22 Bow Saw
27:14 Heavy Plow
30:59 Imperial Age
29:35 Wheelbarrow
29:26 Fletching
29:36 Padded Archer Armor
30:38 Hand Cart
32:15 Bodkin Arrow
32:36 Leather Archer Armor
32:44 Ballistics
34:03 Bracer
35:05 Chemistry
37:37 Ring Archer Armor
37:13 Scale Barding Armor
37:19 Forging
36:48 Elite Skirmisher
37:34 Thumb Ring
ngocpq
9:39 Loom
11:25 Feudal Age
13:03 Double-Bit Axe
20:08 Castle Age
19:05 Gold Mining
21:53 Pikeman
25:07 Fletching
25:17 Stone Mining
28:02 Elite Skirmisher
minoton
11:13 Feudal Age
12:16 Double-Bit Axe
15:28 Castle Age
17:11 Horse Collar
21:47 Bow Saw
23:41 Gold Mining
24:57 Wheelbarrow
28:18 Imperial Age
28:24 Imperial Age
26:11 Hand Cart
25:42 Loom
27:41 Gold Shaft Mining
27:16 Scale Barding Armor
27:22 Forging
28:26 Chain Barding Armor
28:34 Bloodlines
28:28 Husbandry
28:22 Town Watch
29:52 Iron Casting
30:19 Two-Man Saw
29:21 Heavy Plow
29:13 Stone Mining
28:48 Heavy Camel Rider
30:57 Plate Barding Armor
32:37 Blast Furnace
31:09 Imperial Camel Rider
32:07 Scale Mail Armor
32:37 Conscription
34:20 Stone Shaft Mining
33:58 Siege Engineers
34:57 Chemistry
35:50 Chain Mail Armor
35:58 Elite Ghulam
39:37 Grand Trunk Road
40:51 Masonry
zxthanhloc
10:38 Feudal Age
17:00 Castle Age
15:13 Double-Bit Axe
15:35 Gold Mining
16:43 Wheelbarrow
16:37 Stone Mining
18:07 Bow Saw
21:36 Hand Cart
25:01 Forging
26:22 Scale Barding Armor
26:08 Fletching
26:19 Padded Archer Armor
27:24 Gold Shaft Mining
31:32 Imperial Age
29:12 Scale Mail Armor
30:14 Iron Casting
29:59 Chain Barding Armor
29:54 Leather Archer Armor
29:34 Bodkin Arrow
29:31 Pikeman
30:12 Squires
34:08 Blast Furnace
32:49 Elite Skirmisher
34:20 Bodkin Arrow
35:40 Chain Mail Armor
36:08 Cavalier
39:34 Chemistry
39:13 Chain Barding Armor
40:10 Husbandry
39:30 Light Cavalry
40:48 Ballistics
Connection lost

Rejoining the realm…

Still unreachable

The connection could not be restored.

Session expired

The server has moved on; the page needs a fresh start.